 Dungeon Sprint DCSS version 0.27-a0-1158-gaa87e14f67 (webtiles) character file.

Game seed: 246621136693436806

32 mhtbhm the Conjurer (level 3, -4/19 HPs)
             Began as a Deep Elf Conjurer on May 15, 2021.
             Slain by an iguana (12 damage)
             ... in the Dungeon (Sprint IX: "|||||||||||||||||||||||||||||").
             The game lasted 00:00:34 (230 turns).

mhtbhm the Conjurer (Deep Elf Conjurer)              Turns: 230, Time: 00:00:35

Health: -4/19      AC:  2    Str:  4    XL:     3   Next: 8%
Magic:  1/10       EV: 13    Int: 23    God:
Gold:   0          SH:  0    Dex: 13    Spells: 9/10 levels left

rFire    . . .     SeeInvis .   (no weapon)
rCold    . . .     Faith    .   (no shield)
rNeg     . . .     Spirit   .   a - +0 robe
rPois    .         Reflect  .   (no helmet)
rElec    .         Harm     .   (no cloak)
rCorr    .         Rampage  .   (no gloves)
Will     .....     NoTele   +   (no boots)
Stlth    ++........             (no amulet)
HPRegen  0.06/turn              (no ring)
MPRegen  0.12/turn              (no ring)

@: hasted, very quick
A: no striking features
a: no special abilities


You were in the Dungeon.
You visited 1 branch

Inventory:

Armour
 a - a +0 robe (worn)
Scrolls
 h - a scroll of blinking
Potions
 c - a potion of curing
 d - a potion of heal wounds
 g - a potion of berserk rage


   Skills:
 + Level 3.1 Dodging
 + Level 3.3 Stealth
 + Level 4.0 Spellcasting
 + Level 7.3 Conjurations


You had 9 spell levels left.
You knew the following spells:

 Your Spells              Type           Power      Damage    Failure   Level
a - Magic Dart            Conj           100%       1d8       1%          1

Your spell library contained the following spells:

 Spells                   Type           Power      Damage    Failure   Level
 Searing Ray              Conj           76%        3d6       1%          2
 Dazzling Flash           Conj/Hex       42%        N/A       7%          3
 Fulminant Prism          Conj/Hex       10%        3d9       24%         4
 Iskenderun's Mystic Bla  Conj/Tloc      21%        2d6       24%         4


Dungeon Overview and Level Annotations

Branches:
Dungeon (1/1)

Altars:


Message History

Aim: an iguana (100% to hit)
The magic dart hits the iguana.
The iguana is moderately wounded.
Unknown command.
Casting: Magic Dart (safe; 1% risk of failure)
Confirm with . or Enter, or press ? or * to list all spells.
Aiming: Magic Dart (safe; 1% risk of failure)
Press: ? - help, Shift-Dir - straight line, f/p - iguana
Aim: an iguana (moderately wounded, 100% to hit)
The magic dart hits the iguana but does no damage.
The iguana is moderately wounded.
The iguana bites you.
Unknown command.
Casting: Magic Dart (safe; 1% risk of failure)
Confirm with . or Enter, or press ? or * to list all spells.
Aiming: Magic Dart (safe; 1% risk of failure)
Press: ? - help, Shift-Dir - straight line, f/p - iguana
Aim: an iguana (moderately wounded, 100% to hit)
The magic dart hits the iguana.
The iguana is heavily wounded.
Unknown command.
Casting: Magic Dart (safe; 1% risk of failure)
Confirm with . or Enter, or press ? or * to list all spells.
Aiming: Magic Dart (safe; 1% risk of failure)
Press: ? - help, Shift-Dir - straight line, f/p - iguana
Aim: an iguana (heavily wounded, 100% to hit)
The magic dart hits the iguana but does no damage.
The iguana is heavily wounded.
The iguana bites you!
Ouch! That really hurt!
Casting: Magic Dart (safe; 1% risk of failure)
Confirm with . or Enter, or press ? or * to list all spells.
Aiming: Magic Dart (safe; 1% risk of failure)
Press: ? - help, Shift-Dir - straight line, f/p - iguana
Aim: an iguana (heavily wounded, 100% to hit)
The magic dart hits the iguana.
The iguana is severely wounded.
The iguana bites you!
Ouch! That really hurt!
You die... ▓▓▓▓▓▓▓▓▓▓▓▓▓▓▓▓▓▓ +...J.'....J).hl@▓ ▓▓▓▓▓▓▓▓▓▓▓▓▓▓▓▓▓▓

You could see an iguana, a jelly and a jackal.

Vanquished Creatures
  An iguana (D)
  An endoplasm (D)
  A goblin (D)
  A hobgoblin (D)
  A jackal (D)
  A kobold (D)
6 creatures vanquished.

Notes
Turn   | Place    | Note
-------+----------+-------------------------------------------
     0 | D        | mhtbhm the Deep Elf Conjurer began the quest for the Orb.
     0 | D        | Reached XP level 1. HP: 10/10 MP: 6/6
     8 | D        | Reached skill level 5 in Conjurations
   206 | D        | Noticed a jelly
   206 | D        | Noticed an orc wizard
   206 | D        | Noticed an iguana
   206 | D        | Noticed an iguana
   225 | D        | Killed an iguana
   226 | D        | Reached skill level 7 in Conjurations
   226 | D        | Reached XP level 2. HP: 15/15 MP: 6/9
   226 | D        | Reached XP level 3. HP: 19/19 MP: 6/10
   230 | D        | Slain by an iguana

Illustrated notes

Levels and vault maps discovered:
D:        linesprint [early_d, line_temple, items_1, d_10, items_2, lair_1,
          lair_end, items_3, orc_1, orc_end, items_4, d_15, swamp_1, shoals_1,
          snake_1, spider_1, d_20, vaults_1, items_5, swamp_end, shoals_end,
          snake_end, spider_end, vaults_end, d_27, items_6, zot_1, zot_end,
          crypt_end, forest_end, elf_end, slime_end, tomb_end, abyss_end,
          pan_hell_end]

Skill      XL: |  1 |
---------------+----+-----
Conjurations   | 7 |  7.3
Dodging        | 3 |  3.1
Stealth        | 3 |  3.3
Spellcasting   | 4 |  4.0

Action                   || total
-------------------------++-------
 Cast: Magic Dart        ||    21
  Use: Potion            ||     3
Dodge: Dodged            ||     3

Table legend: (Time is in decaauts)
 A = Elapsed time spent in this place.
 B = Non-inter-level travel time spent in this place.
 C = Inter-level travel time spent in this place.
 D = Time resting spent in this place.
 E = Time spent auto-exploring this place.
 F = Levels seen in this place.
 G = Mean time per level.
                   A        B        C        D        E       F      G
               +--------+--------+--------+--------+--------+-----+--------+
         Total |    222 |    222 |      0 |    181 |      0 |   1 |  222.0 |
       Dungeon |    222 |    222 |      0 |    181 |      0 |   1 |  222.0 |
               +--------+--------+--------+--------+--------+-----+--------+

Top non-repeatable levels by time:
       D: 222 daAuts
